 Dungeon Crawl Stone Soup version 0.30-a0-571-gdf30a72648 (webtiles) character file.

Game seed: 16445417815290448689

210419 wormed the Imperceptible (level 18, -4/98 HPs)
             Began as a Spriggan Hunter on Dec 29, 2022.
             Was the Champion of Okawaru.
             Killed from afar by a deep elf elementalist (17 damage)
             ... with a fireball
             ... on level 3 of the Elven Halls.
             The game lasted 01:09:34 (31499 turns).

wormed the Imperceptible (Spriggan Hunter)         Turns: 31499, Time: 01:09:35

Health: -4/98      AC:  7    Str:  7    XL:     18   Next: 18%
Magic:  28/28      EV: 75    Int: 17    God:    Okawaru [******]
Gold:   2301       SH: 13    Dex: 39    Spells: 17/17 levels left

rFire   + . .      SeeInvis +    G - +9 hand crossbow "Jifithip" {elec, Int-5 Dex+3 SInv Stlth+}
rCold   + . .      Faith    .    c - +1 buckler {rC+}
rNeg    + + .      Spirit   .    Q - +2 robe of Ireuvehiu {Will+}
rPois   +          Reflect  .    S - +1 hat
rElec   +          Harm     .    P - +1 cloak "Jupriob" {*Slow rElec rPois rN++}
rCorr   +          Rampage  .    (gloves unavailable)
Will    ++++.                    (boots unavailable) Stlth *+++++++++
                                 R - amulet "Ruigal" {Acrobat Int+10 Dex+5}
HPRegen 0.36/turn                i - ring of Zatraas {rF+ rCorr Dex+6}
MPRegen 0.21/turn                w - ring "Gohe" {Drain Fly rElec EV+5 Stlth+}

@: acrobatic, flying, studying Poison Magic, very quick
A: very small, no large weapons, unfitting armour, see invisible, speed 3,
hooves 1
}: 1/15 runes: serpentine
a: Renounce Religion, Heroism, Finesse, Duel


You were on level 3 of the Elven Halls.
You worshipped Okawaru.
Okawaru was exalted by your worship.
You visited 7 branches of the dungeon, and saw 31 of its levels.
You also visited: Trove and Bailey.

You collected 3719 gold pieces.
You spent 1418 gold pieces at shops.

Inventory:

Hand Weapons
 G - the +9 hand crossbow "Jifithip" (weapon) {elec, Int-5 Dex+3 SInv Stlth+}
   (Okawaru gifted it to you on level 12 of the Dungeon)

   Any ammunition fired from it occasionally discharges a powerful burst of
   electricity upon striking a foe.
   Int:       It affects your intelligence (-5).
   Dex:       It affects your dexterity (+3).
   SInv:      It lets you see invisible.
   Stlth:     It makes you more stealthy.
Missiles
 D - 2 throwing nets
Armour
 c - a +1 buckler of cold resistance (worn)
 F - a +0 robe of resistance
 P - the +1 cloak "Jupriob" (worn) {*Slow rElec rPois rN++}
   (You found it on level 1 of the Lair of Beasts)

   rElec:     It insulates you from electricity.
   rPois:     It protects you from poison.
   rN:        It greatly protects you from negative energy.
   *Slow:     It may slow you when you take damage.
 Q - the +2 robe of Ireuvehiu (worn) {Will+}
   (Okawaru gifted it to you on level 5 of the Lair of Beasts)

   Will:      It increases your willpower.
 S - a +1 hat (worn)
Jewellery
 i - the ring of Zatraas (left hand) {rF+ rCorr Dex+6}
   (You bought it in a shop on level 13 of the Dungeon)

   [ring of dexterity]

   Dex:       It affects your dexterity (+6).
   rF:        It protects you from fire.
   rCorr:     It protects you from acid and corrosion.
 w - the ring "Gohe" (right hand) {Drain Fly rElec EV+5 Stlth+}
   (You found it in a treasure trove)

   [ring of evasion]

   EV:        It affects your evasion (+5).
   rElec:     It insulates you from electricity.
   Fly:       It grants you flight.
   Drain:     It drains your maximum health when unequipped.
   Stlth:     It makes you more stealthy.
 B - a +4 ring of slaying
 R - the amulet "Ruigal" (around neck) {Acrobat Int+10 Dex+5}
   (You found it in a treasure trove)

   [amulet of the acrobat]

   It increases your evasion while moving and waiting.
   Int:       It affects your intelligence (+10).
   Dex:       It affects your dexterity (+5).
 Y - a +4 ring of slaying
Wands
 a - a wand of roots (9)
 b - a wand of quicksilver (10)
 u - a wand of paralysis (22)
 y - a wand of digging (23)
 E - a wand of flame (46)
 H - a wand of mindburst (7)
 I - a wand of polymorph (8)
Scrolls
 f - 9 scrolls of teleportation
 j - 4 scrolls of brand weapon
 k - 9 scrolls of vulnerability
 m - 5 scrolls of amnesia
 n - 10 scrolls of fog
 s - 3 scrolls of magic mapping
 t - a scroll of silence
 v - 3 scrolls of enchant armour
 A - 2 scrolls of blinking
 C - 5 scrolls of enchant weapon
 N - 2 scrolls of poison
 O - a scroll of fear
 T - a scroll of acquirement
Potions
 d - 3 potions of brilliance
 e - 12 potions of might
 g - 4 potions of resistance
 h - a potion of magic
 l - 5 potions of heal wounds
 o - 3 potions of mutation
 p - 6 potions of curing
 q - 5 potions of lignification
 r - a potion of flight
 x - 3 potions of berserk rage
 z - 9 potions of ambrosia
 J - 5 potions of invisibility
 K - 3 potions of cancellation
 L - 6 potions of haste
 M - 12 potions of attraction


   Skills:
 + Level 12.1 Fighting
 - Level 18.0 Ranged Weapons
 + Level 20.8 Dodging
 + Level 21.1 Stealth
 + Level 9.0 Shields
 - Level 12.0 Invocations


You had 17 spell levels left.
You didn't know any spells.
Your spell library contained the following spells:

 Spells                   Type           Power      Damage    Failure   Level
 Kiss of Death            Conj/Necr      0%         2d5       36%         1
 Magic Dart               Conj           0%         1d3       36%         1
 Necrotise                Necr           0%         1d4       36%         1
 Sandblast                Erth           0%         2d4       36%         1
 Slow                     Hex            0%         N/A       36%         1
 Cigotuvi's Dreadful Rot  Necr/Pois/Air  0%         N/A       52%         2
 Passwall                 Tmut/Erth      0%         N/A       52%         2
 Poisonous Vapours        Pois/Air       0%         N/A       52%         2
 Searing Ray              Conj           0%         2d4       52%         2
 Sublimation of Blood     Necr           0%         N/A       52%         2
 Confusing Touch          Hex            0%         N/A       75%         3
 Dazzling Flash           Conj/Hex       0%         N/A       75%         3
 Ignite Poison            Fire/Tmut/Pois 0%         N/A       75%         3
 Kindle Blastsparks       Fire/Tloc/Air  0%         2d10      75%         3
 Mephitic Cloud           Conj/Pois/Air  0%         N/A       75%         3
 Portal Projectile        Hex/Tloc       0%         N/A       75%         3
 Stone Arrow              Conj/Erth      0%         3d7       75%         3
 Vampiric Draining        Necr           0%         2d6       75%         3
 Dispel Undead            Necr           0%         3d6       98%         4
 Fulminant Prism          Conj/Hex       0%         3d5       98%         4
 Leda's Liquefaction      Hex/Erth       0%         N/A       98%         4
 Passage of Golubria      Tloc           0%         N/A       98%         4
 Petrify                  Tmut/Erth      0%         N/A       98%         4
 Agony                    Necr           0%         N/A       100%        5
 Freezing Cloud           Conj/Ice/Air   0%         6-21      100%        5
 Irradiate                Conj/Tmut      0%         3d11      100%        5
 Silence                  Hex/Air        0%         N/A       100%        5
 Lehudib's Crystal Spear  Conj/Erth      0%         10d2      100%        8
 Call Imp                 Summ           Unusable   N/A       N/A         2
 Call Canine Familiar     Summ           Unusable   N/A       N/A         3
 Summon Forest            Summ/Tloc      Unusable   N/A       N/A         5
 Summon Mana Viper        Hex/Summ       Unusable   N/A       N/A         5
 Summon Cactus Giant      Summ           Unusable   N/A       N/A         6

Dungeon Overview and Level Annotations

Branches:
Dungeon (15/15)            Temple (1/1) D:4            Lair (5/5) D:11
 Shoals (1/4) Lair:2        Snake (4/4) Lair:3        Slime (0/5) Lair:4
    Orc (2/2) D:11            Elf (3/3) Orc:2        Vaults (0/5) D:13
 Depths (0/4) D:15         Bailey (visited)

Altars:
Ashenzari
Cheibriados
Dithmenos
Elyvilon
Fedhas
Gozag
Hepliaklqana
Kikubaaqudgha
Makhleb
Nemelex Xobeh
Okawaru
Qazlal
Ru
Sif Muna
Trog
Uskayaw
Vehumet
Wu Jian
Xom
Yredelemnul
Zin
The Shining One

Shops:
D:4 *   D:11 *?**   D:13 =   Orc:1 *   Orc:2 **(([   Snake:3 *


Innate Abilities, Weirdness & Mutations

You are very small and have problems with some larger weapons.
You are too small for most types of armour.
You have supernaturally acute eyesight. (SInv)
You cover ground extremely quickly. (Speed+++)
You have large cloven feet.


Message History

The fireball engulfs the earth elemental.
The earth elemental completely resists.
The fireball engulfs the earth elemental.
The earth elemental completely resists.
The earth elemental completely misses you.
The deep elf elementalist points at you and mumbles some strange words.
The fireball explodes!
The fireball engulfs you!! You resist.
* * * LOW HITPOINT WARNING * * *
The fireball engulfs the earth elemental.
The earth elemental completely resists.
The fireball engulfs the earth elemental.
The earth elemental completely resists.
The fireball engulfs the earth elemental.
The earth elemental completely resists.
The fireball engulfs the earth elemental.
The earth elemental completely resists.
The earth elemental completely misses you.
You shoot a bolt.
The bolt hits the earth elemental but does no damage.
The earth elemental is moderately damaged.
You block the earth elemental's attack.
The earth elemental completely misses you.
You shoot a bolt. The bolt hits the earth elemental!
The earth elemental is heavily damaged.
The deep elf elementalist casts a spell at you.
Some walls begin to move on their own!
The earth elemental hits you!
* * * LOW HITPOINT WARNING * * *
The earth elemental completely misses you.
The earth elemental hits you.
* * * LOW HITPOINT WARNING * * *
You shoot a bolt. The bolt hits the earth elemental!!!
You destroy the earth elemental!
The earth elemental disappears in a puff of smoke!
The earth elemental completely misses you.
You block the earth elemental's attack.
The earth elemental completely misses you.
The earth elemental completely misses you.
The deep elf elementalist gestures at you while chanting.
The fireball explodes!
The fireball engulfs you! You resist.
You die...

## .## ..## ...##############
##### ####
....'...........####E..#####..#
....'...........@.eEEE........#
....#..########.####..........#
....#..# #.# ###E######.#
....#..# ######+## #.# ##+##
....#..# #.......## #.# ##...##
....#..# #........## #.# ##.....#
....#..# #.........###.e##......#
....#..###.........##....'......#
..[.#....'.........'...###......#


You could see a deep elf elementalist (fast, repels missiles) and 4 earth
elementals.

Vanquished Creatures
  Saint Roka (Orc:2)
  A deep elf blademaster (Elf:2)
  Donald (Orc:2)
  8 nagarajas
  A deep elf elementalist (Elf:3)
  An ironbound preserver (D:13)
  A stone giant (D:15)
  Nessos (Orc:2)
  3 deep elf demonologists
  A deep elf death mage (Elf:3)
  A deep elf high priest (Elf:3)
  Josephine (Lair:3)
  4 salamander tyrants
  Erolcha (Orc:2)
  An ogre mage (D:15)
  5 centaur warriors
  10 hydras
  4 catoblepae
  8 anacondas
  4 two-headed ogres
  16 naga warriors
  A tengu warrior (D:13)
  5 boulder beetles
  6 death yaks (Lair:5)
  31 dancing weapons
  6 orc high priests
  Sonja (Lair:1)
  22 deep elf knights
  4 naga sharpshooters
  8 shock serpents
  Amaemon (Lair:1)
  3 salamander mystics
  5 sea snakes
  12 deep elf archers
  12 orc knights
  Pikel (D:5)
  5 naga ritualists
  27 deep elf pyromancers
  16 deep elf zephyrmancers
  A wolf spider (D:15)
  An orc sorcerer (Orc:2)
  11 mana vipers
  An oklob plant (Lair:4)
  A cyclops (D:14)
  4 manticores
  5 ugly things
  13 salamanders
  An ice statue (D:9)
  4 guardian serpents (Snake:4)
  18 naga magi
  31 black mambas
  8 cane toads
  3 gargoyles
  A cane toad (shapeshifter) (Elf:2)
  An orange demon (Lair:1)
  A kobold demonologist (D:13)
  An unseen horror (D:13)
  8 komodo dragons
  An efreet (D:13)
  5 rime drakes
  A tengu conjurer (D:13)
  A freezing wraith (D:15)
  7 trolls
  A queen bee (Lair:1)
  A wind drake (Shoals:1)
  5 polar bears
  A hornet (shapeshifter) (D:15)
  8 slime creatures
  2 hornets
  A snapping turtle (Lair:2)
  8 blink frogs (Lair:4)
  A water elemental (Elf:1)
  A fire elemental (Elf:1)
  6 wyverns
  64 yaks
  3 air elementals (Elf:1)
  6 wraiths
  4 vampires
  6 basilisks
  2 steam dragons
  50 nagas
  8 vampire mosquitoes
  4 wargs
  An acid dragon (D:12)
  12 water moccasins
  53 orc warriors
  An ice beast (D:6)
  3 sky beasts
  9 ogres
  4 black bears
  16 wolves
  8 centaurs
  3 kobold brigands (D:9)
  2 lemures (D:5)
  A necrophage (D:5)
  2 scorpions
  12 bullfrogs
  4 earth elementals
  32 killer bees
  10 howler monkeys
  7 electric eels
  6 hounds
  A jelly (D:8)
  37 orc priests
  4 iguanas
  32 orc wizards
  14 hell rats (Lair:3)
  3 gnolls (D:4)
  4 adders
  A white imp (D:5)
  An ufetubus (D:7)
  3 worms (D:2)
  2 dart slugs
  127 orcs
  6 ball pythons
  3 bats (D:1)
  9 endoplasms
  A giant cockroach (D:2)
  14 goblins
  10 hobgoblins
  18 kobolds
  A quokka (D:5)
  2 frilled lizards
  9 rats
1039 creatures vanquished.

Vanquished Creatures (others)
  23 fungi
  117 plants
140 creatures vanquished.

Grand Total: 1179 creatures vanquished

Notes
Turn   | Place    | Note
-------+----------+-------------------------------------------
     0 | D:1      | wormed the Spriggan Hunter began the quest for the Orb.
     0 | D:1      | Reached XP level 1. HP: 10/10 MP: 2/2
   137 | D:1      | Reached skill level 2 in Stealth
   151 | D:1      | Reached XP level 2. HP: 15/15 MP: 3/3
   488 | D:1      | Reached XP level 3. HP: 18/18 MP: 4/4
   694 | D:2      | Found a sacrificial altar of Ru.
  1039 | D:2      | Reached skill level 3 in Stealth
  1145 | D:2      | Reached XP level 4. HP: 23/23 MP: 5/5
  2090 | D:3      | Reached skill level 5 in Ranged Weapons
  2116 | D:3      | Reached XP level 5. HP: 27/27 MP: 6/6
  2378 | D:4      | Reached skill level 4 in Stealth
  2587 | D:4      | Reached XP level 6. HP: 32/32 MP: 7/7
  2587 | D:4      | Found Ciafip's Fire Supplies.
  2903 | D:4      | Found a staircase to the Ecumenical Temple.
  2908 | Temple   | Entered the Ecumenical Temple
  2923 | D:5      | Entered Level 5 of the Dungeon
  2979 | D:5      | Paralysed by an orc for 3 turns
  3085 | D:5      | Noticed a water moccasin
  3126 | D:5      | Killed a water moccasin
  3127 | D:5      | Reached skill level 5 in Dodging
  3127 | D:5      | Reached skill level 5 in Stealth
  3127 | D:5      | Reached XP level 7. HP: 32/36 MP: 8/8
  3611 | D:5      | Found an ornate altar of the Wu Jian Council.
  3738 | D:5      | Reached skill level 6 in Stealth
  3873 | D:6      | Noticed Pikel
  4125 | D:6      | Noticed a two-headed ogre
  4127 | D:6      | Reached XP level 8. HP: 42/42 MP: 9/9
  4227 | D:5      | Killed a two-headed ogre
  4228 | D:5      | Reached skill level 7 in Stealth
  4328 | D:5      | Killed Pikel
  4329 | D:5      | Reached skill level 8 in Stealth
  4329 | D:5      | Reached XP level 9. HP: 46/46 MP: 10/10
  4634 | D:6      | Found an iron altar of Okawaru.
  4810 | D:6      | Reached skill level 5 in Fighting
  4810 | D:6      | Reached skill level 9 in Stealth
  5055 | D:7      | Found a flagged portal.
  5064 | Bailey   | Entered a bailey
  5288 | Bailey   | Noticed an orc knight
  5306 | Bailey   | Killed an orc knight
  5307 | Bailey   | Reached skill level 10 in Ranged Weapons
  5307 | Bailey   | Reached skill level 10 in Stealth
  5323 | Bailey   | Reached XP level 10. HP: 9/51 MP: 11/11
  5600 | Bailey   | Found a large runed translucent door.
  5600 | Bailey   | Found a large runed translucent door.
  5601 | Bailey   | Noticed a deep elf pyromancer
  5602 | Bailey   | Found the +8 orange crystal plate armour {Archmagi, Int+3
                  | Clar}
  5795 | Bailey   | Killed a deep elf pyromancer
  5837 | Bailey   | Gained mutation: You are clumsy. (Dex -2) [potion of
                  | mutation]
  5837 | Bailey   | Gained mutation: You have a somewhat thin skeletal
                  | structure. (Dex +2, Stealth+) [potion of mutation]
  7511 | D:6      | Became a worshipper of Warmaster Okawaru
  8367 | D:9      | Found a radiant altar of Vehumet.
  8367 | D:9      | Found a blossoming altar of Fedhas.
  8367 | D:9      | Found a glowing golden altar of the Shining One.
  8369 | D:9      | Found a white marble altar of Elyvilon.
  8369 | D:9      | Found a broken altar of Ashenzari.
  8398 | D:9      | Noticed a two-headed ogre
  8418 | D:9      | Killed a two-headed ogre
  8418 | D:9      | Reached * piety under Okawaru
  8419 | D:9      | Reached skill level 11 in Stealth
  8637 | D:9      | Noticed an ice statue
  8779 | D:9      | Killed an ice statue
  8845 | D:9      | Reached skill level 10 in Dodging
  9001 | D:9      | Reached ** piety under Okawaru
  9142 | D:9      | Reached XP level 11. HP: 58/58 MP: 12/12
  9371 | D:10     | Entered Level 10 of the Dungeon
  9832 | D:10     | Reached skill level 12 in Stealth
  9952 | D:10     | Reached *** piety under Okawaru
 10194 | D:10     | Identified a scroll of acquirement
 10195 | D:10     | Acquired a manual of Dodging
 10226 | D:11     | Found Boom Sath's General Store.
 10431 | D:11     | Found Qetz's General Store.
 10470 | D:11     | Noticed a two-headed ogre
 10489 | D:11     | Reached **** piety under Okawaru
 10610 | D:11     | Found Xokonot's Magic Scroll Emporium.
 10644 | D:11     | Killed a two-headed ogre
 10679 | D:11     | Noticed an orc knight
 10715 | D:11     | Killed an orc knight
 10838 | D:11     | Found Mangum's Assorted Antiques.
 10860 | D:11     | Bought a sapphire potion for 27 gold pieces
 10936 | D:11     | Reached skill level 13 in Stealth
 10940 | D:11     | Reached ***** piety under Okawaru
 11018 | D:11     | Found a staircase to the Lair.
 11031 | D:11     | Found a staircase to the Orcish Mines.
 11192 | D:12     | Noticed a deep elf pyromancer
 11195 | D:12     | Killed a deep elf pyromancer
 11204 | D:12     | Noticed a boulder beetle
 11238 | D:12     | Killed a boulder beetle
 11391 | D:12     | Identified the +9 hand crossbow "Jifithip" {elec, Int-5
                  | Dex+3 SInv Stlth+} (Okawaru gifted it to you on level 12 of
                  | the Dungeon)
 11391 | D:12     | Received a gift from Okawaru
 11528 | D:12     | Reached XP level 12. HP: 62/63 MP: 13/13
 11703 | D:13     | Noticed a centaur warrior
 11706 | D:13     | Noticed a boulder beetle
 11793 | D:13     | Noticed a tengu warrior
 11925 | Lair:1   | Entered Level 1 of the Lair of Beasts
 11958 | Lair:1   | Noticed Sonja
 11964 | Lair:1   | Killed Sonja
 12165 | Lair:1   | Reached skill level 14 in Stealth
 12289 | Lair:1   | Identified the +1 cloak "Jupriob" {*Slow rElec rPois rN++}
 12291 | Lair:1   | Noticed Amaemon
 12626 | Lair:1   | Killed Amaemon
 12626 | Lair:1   | Identified the +1 swamp dragon scales of the Northern
                  | Lights {rPois rF+ rC- rN++ rCorr} (Okawaru gifted it to you
                  | on level 1 of the Lair of Beasts)
 12626 | Lair:1   | Received a gift from Okawaru
 12809 | Lair:2   | Noticed a five-headed hydra
 12910 | Lair:2   | Noticed a seven-headed hydra
 12913 | Lair:2   | Killed a seven-headed hydra
 13096 | Lair:2   | Killed a five-headed hydra
 13114 | Lair:2   | Reached skill level 15 in Stealth
 13343 | Lair:2   | Reached skill level 15 in Dodging
 13364 | Lair:2   | Received a gift from Okawaru
 13751 | Lair:2   | Found a staircase to the Shoals.
 13909 | Lair:3   | Found a dark tunnel.
 13917 | Lair:3   | Reached ****** piety under Okawaru
 13929 | Lair:3   | Reached XP level 13. HP: 69/69 MP: 14/14
 14171 | Lair:3   | Noticed Josephine
 14178 | Lair:3   | Killed Josephine
 14206 | Lair:3   | Received a gift from Okawaru
 14226 | Lair:3   | Found a staircase to the Snake Pit.
 14521 | Lair:3   | Reached skill level 15 in Ranged Weapons
 14621 | Lair:3   | Reached skill level 16 in Stealth
 15145 | Lair:4   | Lost mutation: You have a somewhat thin skeletal structure.
                  | (Dex +2, Stealth+) [potion of mutation]
 15145 | Lair:4   | Lost mutation: You are clumsy. (Dex -2) [potion of
                  | mutation]
 15145 | Lair:4   | Gained mutation: You are partially covered in large bone
                  | plates. (SH +4) [potion of mutation]
 15145 | Lair:4   | Gained mutation: Your system is resistant to poisons.
                  | (rPois) [potion of mutation]
 15145 | Lair:4   | Gained mutation: You are clumsy. (Dex -2) [potion of
                  | mutation]
 15223 | Lair:4   | Found a staircase to the Slime Pits.
 15292 | Lair:4   | Received a gift from Okawaru
 16084 | Lair:5   | Entered Level 5 of the Lair of Beasts
 16131 | Lair:5   | Identified the +2 robe of Ireuvehiu {Will+} (Okawaru gifted
                  | it to you on level 5 of the Lair of Beasts)
 16131 | Lair:5   | Received a gift from Okawaru
 16394 | Lair:5   | Reached XP level 14. HP: 75/75 MP: 15/15
 16578 | Lair:5   | Reached skill level 17 in Stealth
 17195 | Lair:5   | Received a gift from Okawaru
 17318 | Lair:5   | Reached skill level 10 in Fighting
 17934 | D:13     | Found Aciraukhi's Jewellery Shoppe.
 17941 | D:13     | Bought the ring of Zatraas {rF+ rCorr Dex+6} for 945 gold
                  | pieces
 18203 | D:13     | Found a gate to the Vaults.
 18203 | D:13     | Noticed an ironbound preserver
 18226 | D:13     | Killed an ironbound preserver
 18327 | D:13     | Received a gift from Okawaru
 18665 | D:13     | Reached skill level 18 in Stealth
 19204 | D:14     | Identified the +8 fire dragon scales of Plasticity {rF++
                  | rC- rN++ MP-9 Dex-5 Stlth+} (Okawaru gifted it to you on
                  | level 14 of the Dungeon)
 19204 | D:14     | Received a gift from Okawaru
 19449 | D:15     | Entered Level 15 of the Dungeon
 20048 | D:15     | Found a staircase to the Depths.
 20048 | D:15     | Noticed a stone giant
 20057 | D:15     | Killed a stone giant
 20493 | D:15     | Reached XP level 15. HP: 81/81 MP: 16/16
 20771 | Orc:1    | Entered Level 1 of the Orcish Mines
 21063 | Orc:2    | Entered Level 2 of the Orcish Mines
 21079 | Orc:2    | Noticed Saint Roka
 21218 | Orc:2    | Killed Saint Roka
 21333 | Orc:2    | Noticed Erolcha
 21336 | Orc:2    | Killed Erolcha
 21383 | Orc:2    | Noticed Donald
 21397 | Orc:2    | Killed Donald
 21424 | Orc:2    | Found Moomiz's Antique Armour Boutique.
 21427 | Orc:2    | Found a staircase to the Elven Halls.
 21781 | Orc:2    | Identified the +0 swamp dragon scales of the Lizard
                  | {*Corrode +Inv rPois Int+3} (Okawaru gifted it to you on
                  | level 2 of the Orcish Mines)
 21781 | Orc:2    | Received a gift from Okawaru
 22035 | Orc:2    | Noticed Nessos
 22052 | Orc:2    | Killed Nessos
 22208 | Orc:2    | Reached skill level 19 in Stealth
 22277 | Orc:2    | Reached skill level 1 in Invocations
 22550 | Orc:2    | Reached skill level 1 in Shields
 22589 | Orc:2    | Found Houwn's Antique Weapon Emporium.
 22589 | Orc:2    | Found Cisivo's Antique Weapon Emporium.
 22590 | Orc:2    | Found Niecewum's Assorted Antiques.
 22590 | Orc:2    | Found Miack's Assorted Antiques.
 22621 | Orc:2    | Bought a wavering diamond amulet for 165 gold pieces
 22621 | Orc:2    | Identified the amulet "Ugruoqij" {Spirit rN++ Slay-4 SInv}
                  | (You bought it in a shop on level 2 of the Orcish Mines)
 22853 | Orc:1    | Found Igoovi Nic's Overcharged Wands.
 23130 | Snake:1  | Entered Level 1 of the Snake Pit
 23319 | Snake:1  | Lost mutation: Your system is resistant to poisons. (rPois)
                  | [potion of mutation]
 23319 | Snake:1  | Lost mutation: You are partially covered in large bone
                  | plates. (SH +4) [potion of mutation]
 23319 | Snake:1  | Lost mutation: You are clumsy. (Dex -2) [potion of
                  | mutation]
 23319 | Snake:1  | Gained mutation: You have large cloven feet. [potion of
                  | mutation]
 23408 | Snake:1  | Received a gift from Okawaru
 24135 | Snake:2  | Identified the +3 leather armour of a bailey {rElec rC+ rN+
                  | Slay+3}
 24172 | Snake:2  | Reached skill level 5 in Invocations
 24396 | Snake:2  | Identified the +2 plate armour of Beum {rN+ Int-5 Dex+3}
 24752 | Snake:3  | Reached XP level 16. HP: 78/86 MP: 21/21
 24763 | Snake:3  | Received a gift from Okawaru
 24776 | Snake:3  | Reached skill level 5 in Shields
 25212 | Snake:3  | Identified the +3 hand crossbow of Okawaru's Approval
                  | {drain, rC++ Str-3 SInv Stlth+} (Okawaru gifted it to you
                  | on level 3 of the Snake Pit)
 25212 | Snake:3  | Received a gift from Okawaru
 25318 | Snake:3  | Found Xiux's Assorted Antiques.
 25510 | Snake:4  | Entered Level 4 of the Snake Pit
 25894 | Snake:4  | Identified the +5 quarterstaff of Tartarus {pain, Fragile
                  | rN++ Str+9 Int-4} (Okawaru gifted it to you on level 4 of
                  | the Snake Pit)
 25894 | Snake:4  | Received a gift from Okawaru
 26323 | Snake:4  | Identified the +1 buckler "Muddutisch" {Str+4} (Okawaru
                  | gifted it to you on level 4 of the Snake Pit)
 26323 | Snake:4  | Received a gift from Okawaru
 26411 | Snake:4  | Reached skill level 10 in Invocations
 26747 | Snake:4  | Got a serpentine rune of Zot
 26798 | Snake:4  | Reached XP level 17. HP: 91/91 MP: 25/25
 27190 | Shoals:1 | Entered Level 1 of the Shoals
 27643 | Elf:1    | Entered Level 1 of the Elven Halls
 27667 | Elf:1    | Found a radiant altar of Vehumet.
 27675 | Elf:1    | Received a gift from Okawaru
 27836 | Elf:1    | Found a portal to a secret trove of treasure.
 28163 | Orc:2    | Bought a scroll of identify for 66 gold pieces
 28163 | Orc:2    | Bought a scroll of identify for 66 gold pieces
 28163 | Orc:2    | Bought a scroll labelled GUEKIS QESTE for 33 gold pieces
 28246 | D:11     | Bought a scroll of identify for 28 gold pieces
 28246 | D:11     | Bought a scroll of identify for 28 gold pieces
 28277 | D:11     | Bought a scroll of identify for 30 gold pieces
 28277 | D:11     | Bought a scroll of identify for 30 gold pieces
 28459 | Elf:1    | You paid a toll of 4 scrolls of fear to enter a treasure
                  | trove
 28460 | Trove    | Entered a treasure trove
 28466 | Trove    | Identified the ring "Gohe" {Drain Fly rElec EV+5 Stlth+}
 28470 | Trove    | Identified the amulet of the Evil One {Acrobat rN+ Int+4}
 28472 | Trove    | Identified the ring of Raph {rN+ Slay+2}
 28477 | Trove    | Identified the amulet "Ruigal" {Acrobat Int+10 Dex+5}
 28479 | Trove    | Identified the ring of the Harvest {rCorr EV+5}
 29033 | Elf:1    | Noticed an Ice Fiend
 29457 | Elf:1    | Reached skill level 20 in Stealth
 30143 | Elf:2    | Received a gift from Okawaru
 30332 | Elf:2    | Found a huge runed translucent gate.
 30332 | Elf:2    | Found a huge runed translucent gate.
 30332 | Elf:2    | Found a huge runed translucent gate.
 30337 | Elf:2    | Found a huge runed translucent gate.
 30338 | Elf:2    | Found a huge runed translucent gate.
 30429 | Elf:2    | Noticed a deep elf blademaster
 30454 | Elf:2    | Killed a deep elf blademaster
 30734 | Elf:2    | Identified the +7 pearl dragon scales of a sewer {rN+
                  | Will+} (Okawaru gifted it to you on level 2 of the Elven
                  | Halls)
 30734 | Elf:2    | Received a gift from Okawaru
 30735 | Elf:2    | Reached XP level 18. HP: 76/98 MP: 28/28
 30910 | Elf:3    | Entered Level 3 of the Elven Halls
 31329 | Elf:3    | Reached skill level 21 in Stealth
 31435 | Elf:3    | Noticed an Ice Fiend
 31499 | Elf:3    | Killed from afar by a deep elf elementalist

Illustrated notes

Levels and vault maps discovered:
D:1:      scummos_arrival_star, layout_loops_ring, corexii_hall_statues_x
D:2:      layout_basic, basic_altar
D:3:      layout_basic
D:4:      layout_basic, temple_doors_ab, nicolae_shop_fire_sale
          [nicolae_sub_dead_trees], st_stairs_6
D:5:      layout_basic, nzn_wu_jian_contemplation,
          eino_small_chamber_without_monster
D:6:      layout_cave_pools, kennysheep_mini, uniq_pikel
D:7:      layout_basic, enter_bailey_5
D:8:      layout_cave_pools
D:9:      lemuel_ice_statue, layout_basic, grunt_temple_overflow_open,
          kennysheep_opposing_triangles
D:10:     layout_loops_ring
D:11:     layout_rooms, erik_lair_orcish_takeover, david_orc_5, serial_shops,
          shop_fountains, nicolae_diamond_shop, shop_scrolls,
          nicolae_shop_waterfront
D:12:     layout_big_octagon, nrook_campfire
D:13:     layout_stronghold, skrybe_vaults_entry_preservation, serial_shops,
          shop
D:14:     layout_irregular_city, dreamdust_princess_corridor
D:15:     grunt_enter_depths_giant_problem, layout_basic, chequers_jeans
Temple:   minmay_freezing_vapour_temple
Lair:1:   layout_roguey [special_room_bee], minmay_holes, uniq_amaemon,
          uniq_sonja
Lair:2:   beast_lair_carwin_large_2, layout_hall_layers, minmay_shoals_entry_hut
Lair:3:   layout_roguey, minmay_snake_entry_guardpost_small,
          nicolae_volcano_entry_lava_flow, special_room
          [special_room_mythical_zoo], serial_bayou_shore_b, uniq_josephine
Lair:4:   layout_cave_pods, slime_entry_1, lemuel_fruit_tree
Lair:5:   evilmike_catoblepas_cave, layout_small_grid, serial_bayou,
          serial_bayou_pond_c, serial_bayou_lake_a, serial_bayou_pond_e,
          serial_bayou_lagoon_a
Shoals:1: layout_shoals, nicolae_shoals_so_close, uniq_mlioglotl
Snake:1:  layout_rooms
Snake:2:  layout_honeycomb
Snake:3:  layout_basic, nicolae_take_the_stairs
Snake:4:  minmay_snake_end_coiled, layout_cave_town, serial_bayou_lagoon_b
Orc:1:    layout_diamond_mine, nicolae_shop_overcharged_wands
Orc:2:    st_orc_pillars, layout_caves, serial_shops, shop, uniq_donald,
          uniq_nessos, uniq_saint_roka, uniq_erolcha
Elf:1:    eino_elf_arrival_altar, layout_rooms, trove_entry_hex_spiral,
          evilmike_minifort, grunt_megastairs_5
Elf:2:    elven_hall_of_blades_hangedman_alternative
          [mumra_blade_entry_bloodbath], layout_geoelf_grid
Elf:3:    elf_hall_gauntlet_wide, layout_gridlike

Skill      XL: |  1  2  3  4  5  6  7  8  9 10 11 12 13 14 15 16 17 18 |
---------------+-------------------------------------------------------+-----
Stealth        | 2 3 4 5 6 8 10 11 13 15 16 18 19 20 21 | 21.1
Dodging        | 3 4 5 6 7 8 10 12 15 17 19 20 | 20.8
Fighting       | 2 3 4 5 6 7 8 9 10 11 12 | 12.1
Ranged Weapons | 5 6 7 8 10 11 13 14 16 17 18 | 18.0
Invocations    | 6 10 12 | 12.0
Shields        | 4 7 8 9 |  9.0

Action                   |  1- 3 |  4- 6 |  7- 9 | 10-12 | 13-15 | 16-18 || total
-------------------------+-------+-------+-------+-------+-------+-------++-------
 Fire: Shortbow          |   115 |   125 |   324 |    33 |       |       ||   597
       Arbalest          |       |       |       |   398 |       |       ||   398
       Hand crossbow     |       |       |       |   221 |  1037 |   802 ||  2060
Evoke: Wand              |       |       |     2 |     3 |       |       ||     5
  Use: Scroll            |       |       |     2 |    15 |     6 |    10 ||    33
       Potion            |       |       |       |     3 |     2 |       ||     5
Armor: Robe              |     3 |     2 |     7 |       |     7 |     4 ||    23
       Steam dragon scal |       |       |       |    14 |     2 |       ||    16
Dodge: Dodged            |    36 |    39 |   134 |   248 |   259 |   364 ||  1080
Block: Other             |       |       |       |       |    19 |       ||    19
       Buckler           |       |       |       |       |       |    79 ||    79

Table legend: (Time is in decaauts)
 A = Elapsed time spent in this place.
 B = Non-inter-level travel time spent in this place.
 C = Inter-level travel time spent in this place.
 D = Time resting spent in this place.
 E = Time spent auto-exploring this place.
 F = Levels seen in this place.
 G = Mean time per level.
                   A        B        C        D        E       F      G
               +--------+--------+--------+--------+--------+-----+--------+
         Total |  22927 |  20830 |   2097 |   1240 |  13982 |  33 |  694.8 |
       Dungeon |  10114 |   8916 |   1198 |    436 |   6244 |  15 |  674.3 |
        Temple |      4 |      2 |      2 |      0 |      0 |   1 |    4.0 |
          Lair |   4396 |   4180 |    216 |    276 |   2796 |   5 |  879.2 |
        Shoals |    169 |    169 |      0 |      0 |    149 |   1 |  169.0 |
     Snake Pit |   2973 |   2831 |    142 |      0 |   2069 |   4 |  743.2 |
  Orcish Mines |   1917 |   1622 |    295 |    272 |    884 |   2 |  958.5 |
   Elven Halls |   2558 |   2318 |    240 |     14 |   1676 |   3 |  852.7 |
         Trove |     53 |     53 |      0 |      0 |      8 |   1 |   53.0 |
        Bailey |    740 |    740 |      0 |    242 |    154 |   1 |  740.0 |
               +--------+--------+--------+--------+--------+-----+--------+

Top non-repeatable levels by time:
 Snake:4: 1264 daAuts
   Orc:2: 1216 daAuts
   Elf:1: 1191 daAuts
  Lair:5: 1066 daAuts
  Lair:2: 1054 daAuts
  Lair:3: 1018 daAuts
    D:13: 981 daAuts
     D:5: 977 daAuts
   Elf:2: 969 daAuts
     D:7: 909 daAuts
    D:11: 838 daAuts
    D:15: 829 daAuts
     D:9: 820 daAuts
 Snake:3: 790 daAuts
  Bailey: 740 daAuts
